Map: Catalyst LE

Players

Shelter

  • Race: Terran Terran
  • League: Master
  • Spawn Location: 11:00

ScioN - Winner!

  • Race: Zerg Zerg
  • League: Master
  • Spawn Location: 5:00

VOD

Have the link to the VOD?

Description

Time

  • Played on: May 13, 2018, 2:54 a.m.
  • Length: 12:50
Show
View Real Time Build Order
Export as new Build Order

Shelter Terran 

Build Orders: Reaper Expand, MMM Bio 

Get SALT Encoding   

  12  0:02  SCV  
  13  0:14  SCV  
  13  0:19  Supply Depot  
  14  0:27  SCV  
  15  0:40  SCV  
  15  0:42  Barracks  
  16  0:45  Refinery  
  16  0:53  SCV  
  17  1:06  SCV  
  18  1:18  SCV  
  19  1:30  Reaper, Orbital Command  
  20  1:44  Command Center  
  20  1:55  SCV  
  20  1:59  Barracks  
  21  2:08  Barracks Reactor  
  21  2:09  SCV  
  21  2:13  Supply Depot  
  22  2:21  SCV  
  23  2:24  Factory  
  23  2:33  Refinery  
  23  2:34  SCV  
  24  2:45  Marine x2  
  24  2:46  Barracks Tech Lab  
  24  2:47  SCV  
  27  2:57  Orbital Command  
  27  2:59  SCV  
  27  3:02  Marine  
  27  3:03  Marine  
  30  3:09  Marine, Stimpack  
  30  3:20  SCV  
  30  3:24  Starport  
  30  3:25  SCV  
  32  3:28  Marine  
  32  3:30  Marine  
  32  3:33  Marine  
  35  3:37  SCV  
  35  3:39  SCV  
  37  3:41  Factory Reactor  
  37  3:45  Marine  
  38  3:48  Marine  
  38  3:49  Supply Depot  
  38  3:51  Marine  
  38  3:52  SCV  
  38  3:53  SCV  
  42  4:03  Marine  
  42  4:05  SCV x2  
  42  4:06  Marine  
  46  4:11  Marine  
  46  4:12  Supply Depot  
  47  4:24  Medivac x2  
  49  4:25  Marine x2  
  49  4:29  Marine  
  53  4:38  SCV x2  
  53  4:39  Engineering Bay  
  53  4:40  Engineering Bay  
  53  4:43  Marine x2  
  57  4:46  Marine  
  57  4:47  Supply Depot  
  58  4:54  Medivac  
  58  4:57  Supply Depot  
  60  5:01  Marine  
  60  5:11  Terran Infantry Armor Level 1, Terran Infantry Weapons Level 1  
  60  5:17  Marine x2  
  60  5:18  Marine  
  63  5:23  Command Center  
  63  5:36  Barracks, Medivac, Factory Reactor  
  63  5:37  SCV x2  
  63  5:38  Barracks  
  63  5:39  Refinery  
  63  5:41  Supply Depot  
  67  5:44  Marine  
  63  5:57  Marine  
  63  5:58  Marine  
  63  6:00  SCV  
  63  6:01  Supply Depot  
  63  6:02  Marine  
  67  6:06  Refinery, SCV  
  68  6:12  SCV  
  68  6:15  Marine x2  
  68  6:20  Marine  
  65  6:29  Barracks Reactor x2  
  65  6:30  Widow Mine x2  
  65  6:31  Combat Shields  
  69  6:33  Marine x2  
  69  6:37  Orbital Command  
  69  6:38  Marine  
  72  6:46  Armory, SCV x2  
  74  6:51  Marine x2  
  74  6:53  Medivac  
  78  6:56  Marine  
  78  6:59  SCV x2  
  81  7:08  Marine  
  81  7:09  Marine x5  
  81  7:13  Marine  
  83  7:23  Widow Mine x2  
  83  7:24  Orbital Command  
  83  7:26  Marine x2  
  83  7:27  Marine x3  
  83  7:28  Marine  
  89  7:31  Marine  
  89  7:33  SCV x2  
  89  7:36  Terran Infantry Weapons Level 2  
  92  7:40  Terran Infantry Armor Level 2  
  92  7:44  Marine x2  
  92  7:45  Marine  
  92  7:46  Marine x2  
  97  7:51  SCV x2  
  97  7:52  Supply Depot  
  97  7:55  Marine x2  
  101  8:02  Marine x2  
  101  8:03  Marine, SCV x3  
  101  8:04  Marine  
  108  8:10  Liberator  
  108  8:11  Liberator  
  108  8:12  Marine  
  109  8:13  Marine x2  
  109  8:15  SCV  
  110  8:20  Marine x2  
  110  8:21  Marine  
  110  8:22  Marine  
  114  8:30  Marine  
  117  8:36  Marine  
  117  8:37  Marine  
  117  8:38  Marine, Widow Mine  
  117  8:43  Supply Depot x2  
  117  8:44  Supply Depot  
  117  8:47  Command Center  
  117  9:04  Marine x6  
  117  9:05  Marine, Widow Mine, SCV x3  
  129  9:16  Liberator x2  
  112  9:17  SCV x3  
  112  9:22  Marine x7  
  110  9:29  SCV x2  
  118  9:40  Marine x7  
  122  9:52  SCV  
  123  9:54  Terran Infantry Weapons Level 3  
  123  9:56  Terran Infantry Armor Level 3  
  123  9:58  Marine x7  
  123  9:59  Terran Ship Weapons Level 1  
  130  10:01  Starport x2  
  130  10:16  Marine x7  
  134  10:22  Widow Mine x2, Medivac  
  134  10:24  Liberator x2  
  127  10:33  Marine x4  
  127  10:34  Marine x3  
  114  10:40  Barracks x3  
  114  10:42  Barracks  
  120  10:45  Refinery x2  
  120  10:49  Supply Depot  
  120  10:50  SCV x3  
  120  10:51  Marine x3  
  120  10:54  Planetary Fortress  
  126  11:03  Command Center  
  126  11:08  Engineering Bay, Liberator x2  
  126  11:09  Marine x5, Marauder  
  133  11:16  Marine  
  134  11:24  Sensor Tower  
  134  11:27  Marine  
  134  11:31  Marauder  
  134  11:32  Liberator x2  
  133  11:43  Marine x5  
  133  11:44  Marine  
  127  11:52  Marauder  
  135  12:01  Marine x5  
  136  12:02  Marine  
  141  12:13  Marine  
  139  12:19  Marine x5  
  139  12:20  Marine  
  116  12:31  Marine  
Show
View Real Time Build Order
Export as new Build Order

ScioN Zerg - Winner!

Build Orders: Hatch First 

Get SALT Encoding   

  12  0:00  Drone  
  13  0:12  Overlord  
  13  0:17  Drone  
  14  0:30  Drone x2  
  14  0:34  Drone  
  17  0:52  Hatchery  
  17  0:56  Drone  
  17  0:59  Drone  
  17  1:01  Extractor  
  17  1:17  Spawning Pool  
  17  1:18  Drone  
  17  1:22  Drone  
  18  1:28  Drone  
  19  1:38  Overlord  
  19  2:03  Queen  
  19  2:04  Queen, Zergling x4  
  19  2:06  Metabolic Boost  
  25  2:10  Drone  
  25  2:14  Drone  
  27  2:17  Drone  
  27  2:22  Drone  
  29  2:27  Drone  
  30  2:33  Drone  
  31  2:47  Drone x3  
  34  2:53  Queen  
  34  2:54  Overlord  
  36  3:18  Hatchery  
  35  3:21  Drone x6  
  35  3:22  Drone  
  42  3:28  Overlord  
  42  3:47  Zergling x10  
  47  3:51  Overlord  
  47  3:52  Zergling x4  
  47  3:53  Zergling x4  
  51  3:57  Overlord  
  51  4:09  Queen  
  53  4:16  Drone x4  
  57  4:20  Queen  
  57  4:22  Drone x4  
  63  4:27  Baneling Nest  
  61  4:32  Drone x5  
  66  4:41  Queen, Evolution Chamber x2  
  66  4:44  Drone x3  
  69  4:50  Drone x4  
  69  4:52  Overlord  
  73  5:01  Overlord  
  73  5:09  Queen  
  73  5:12  Zergling x6  
  73  5:13  Zergling x2  
  79  5:17  Zerg Melee Weapons Level 1, Zerg Ground Armor Level 1  
  79  5:22  Zergling x8  
  79  5:23  Drone x5  
  88  5:32  Baneling x2  
  88  5:33  Baneling x2  
  88  5:35  Lair  
  88  5:36  Overlord x2, Drone  
  86  6:05  Drone x4  
  86  6:06  Zergling x10, Drone x2, Extractor  
  86  6:07  Extractor  
  95  6:12  Hatchery  
  91  6:29  Overlord x3  
  91  6:31  Zergling x14, Hatchery  
  97  6:37  Centrifical Hooks  
  97  6:47  Queen  
  97  6:48  Extractor  
  98  6:57  Baneling x4  
  98  6:58  Baneling x3  
  89  7:19  Drone x6  
  89  7:20  Drone x3  
  96  7:28  Zerg Melee Weapons Level 2  
  96  7:29  Zergling x2  
  98  7:30  Zergling x8, Drone x2  
  98  7:31  Drone x2  
  98  7:35  Zergling x4  
  107  7:38  Overlord  
  107  7:42  Zerg Ground Armor Level 2  
  107  7:47  Zergling x4  
  107  7:48  Zergling x6  
  112  7:58  Hydralisk Den  
  112  8:03  Pneumatized Carapace  
  112  8:04  Overseer, Overlord, Drone x5  
  116  8:06  Baneling  
  116  8:07  Baneling x2, Extractor, Drone  
  116  8:08  Drone x10  
  126  8:13  Extractor  
  125  8:23  Zergling x16  
  125  8:24  Zergling x8  
  135  8:32  Overlord  
  135  8:33  Grooved Spines  
  134  8:40  Baneling x8  
  134  8:41  Baneling  
  125  8:47  Drone  
  125  8:48  Drone x2  
  128  8:49  Extractor  
  127  8:57  Queen  
  127  8:58  Zergling x6, Extractor  
  127  9:00  Baneling x12  
  127  9:02  Zergling x8  
  135  9:03  Zergling x18  
  135  9:04  Zergling x2  
  135  9:07  Baneling x4  
  145  9:16  Zergling x14  
  136  9:28  Hydralisk  
  136  9:29  Hydralisk x2  
  136  9:30  Overlord x4  
  142  9:44  Muscular Augments  
  141  9:51  Overlord, Drone  
  141  9:52  Hydralisk, Zergling x8, Drone  
  147  9:53  Hydralisk x4, Zergling x6  
  160  10:02  Zergling x2, Baneling x4  
  160  10:03  Baneling x3  
  160  10:04  Zergling x2  
  158  10:07  Hydralisk x8  
  158  10:08  Zergling x4  
  158  10:10  Baneling  
  158  10:12  Baneling x4  
  174  10:16  Hatchery  
  158  10:32  Hydralisk x5  
  158  10:33  Hydralisk x2  
  165  10:36  Queen  
  167  10:44  Overseer  
  167  10:56  Hydralisk x3  
  167  10:57  Hydralisk x4  
  167  10:58  Zergling x2, Overlord, Infestation Pit  
  167  10:59  Overlord x4  
  170  11:45  Zergling x2  
  170  11:46  Zergling x52  
  196  11:48  Baneling x4  
  196  11:49  Baneling x22  
  196  11:55  Spine Crawler  
  196  11:56  Spine Crawler  
  181  12:22  Hydralisk  
  181  12:23  Hydralisk x8  
  181  12:24  Hydralisk x2, Zergling x2  
  181  12:25  Zergling x2  
  194  12:30  Zergling x4  
  194  12:31  Zergling x6  
Tags
 
Add a new tag
Caveats
  • Supply blocks, unpowered buildings, or Contaminate may cause inaccurate times.
  • Supply counts are checked every 10 seconds.